 Dungeon Crawl Stone Soup version 0.31-a0-963-ga325b2283a (webtiles) character file.

Game seed: 9612881905996350466

27056 Arcadio the Fighter (level 13, -5/123 HPs)
             Began as a Ghoul Monk on Oct 24, 2023.
             Was a High Priest of Jiyva.
             Slain by a salamander
             ... wielding a +3 spear
              (8 damage)
             ... on level 3 of the Lair of Beasts.
             The game lasted 00:46:59 (13265 turns).

Arcadio the Fighter (Ghoul Monk)                   Turns: 13265, Time: 00:47:00

Health: -5/123     AC: 21    Str: 20    XL:     13   Next: 30%
Magic:  16/21      EV:  8    Int: 11    God:    Jiyva [*****.]
Gold:   848        SH:  5    Dex: 11    Spells: 12/12 levels left

rFire   . .          .
                       - Unarmed
rCold   + . .        (no shield)
rNeg    + + +        w - +0 plate armour
rPois   ∞            o - +0 helmet
rElec   .            u - +0 cloak {rCorr}
rCorr   +            n - +0 pair of gloves
SInv    .            F - +0 pair of boots
Will    .....        U - amulet of reflection Stlth
                     d - ring of magical power
HPRegen 1.44/turn    m - +6 ring of intelligence
MPRegen 0.62/turn

%: reflection
@: slimy, inhibited regen
A: claws 1, cold resistance 1, negative energy resistance 3, inhibited
regeneration, torment resistance 2, devour on kill
a: Renounce Religion, Oozemancy, Slimify


You were on level 3 of the Lair of Beasts.
You worshipped Jiyva.
Jiyva was extremely pleased with you.
You visited 4 branches of the dungeon, and saw 17 of its levels.
You also visited: Bailey and Gauntlet.

You collected 1330 gold pieces.
You spent 482 gold pieces at shops.

Inventory:

Hand Weapons
 C - a +0 broad axe
 G - the +5 shortbow of Pochado {heavy, rPois}
   (You found it in a bailey)

   rPois:     It protects you from poison
 J - a +1 whip of flaming
 P - a +4 scimitar of flaming
Missiles
 W - 6 javelins
 X - a throwing net
Armour
 a - a +0 robe
 c - an orb of light
 g - a +0 buckler
 h - a +0 scale mail
 l - a +0 chain mail
 n - a +0 pair of gloves (worn)
 o - a +0 helmet (worn)
 q - a +0 pair of gloves
 u - a +0 cloak of preservation (worn)
 w - a +0 plate armour (worn)
 F - a +0 pair of boots (worn)
 N - a +0 robe of cold resistance
 S - a +0 kite shield
Jewellery
 d - a ring of magical power (left hand)
 k - a ring of ice
 m - a +6 ring of intelligence (right hand)
 t - a ring of magical power
 U - an amulet of reflection (around neck)
 V - a ring of wizardry
Wands
 j - a wand of roots (13)
 s - a wand of flame (39)
 y - a wand of quicksilver (8)
 M - a wand of mindburst (6)
 Y - a wand of digging (5)
Scrolls
 e - 5 scrolls of teleportation
 p - 3 scrolls of fear
 r - 2 scrolls of identify
 v - 4 scrolls of revelation
 x - a scroll of amnesia
 E - 4 scrolls of blinking
 H - 2 scrolls of vulnerability
 K - a scroll of enchant armour {unknown}
 R - a scroll of noise {unknown}
 T - a scroll of immolation {unknown}
 Z - a scroll of enchant weapon {unknown}
Potions
 b - 3 potions of ambrosia
 f - 3 potions of lignification
 i - 2 potions of curing
 z - 4 potions of magic
 A - 2 potions of haste
 B - a potion of invisibility
 D - 2 potions of mutation
 I - a potion of brilliance
 L - a potion of enlightenment
 O - 2 potions of resistance
 Q - a potion of degeneration {unknown}


   Skills:
 + Level 13.8 Fighting
 + Level 11.2 Armour
 + Level 6.8 Dodging
 + Level 13.7 Unarmed Combat


You had 12 spell levels left.
You didn't know any spells.
Your spell library contained the following spells:

 Spells                   Type           Power      Damage    Failure   Level
 Magic Dart               Conj           0%         1d3       99%         1
 Poisonous Vapours        Pois/Air       0%         N/A       100%        2
 Searing Ray              Conj           0%         2d4       100%        2
 Inner Flame              Hex/Fire       0%         N/A       100%        3
 Mephitic Cloud           Conj/Pois/Air  0%         N/A       100%        3
 Tukima's Dance           Hex            0%         N/A       100%        3
 Cause Fear               Hex            0%         N/A       100%        4
 Fulminant Prism          Conj/Hex       0%         3d5       100%        4
 Passage of Golubria      Tloc           0%         N/A       100%        4
 Fireball                 Conj/Fire      0%         3d3       100%        5
 Freezing Cloud           Conj/Ice/Air   0%         6-21      100%        5
 Irradiate                Conj/Tmut      0%         3d11      100%        5
 Yara's Violent Unravell  Hex/Tmut       0%         3d3       100%        5
 Enfeeble                 Hex            0%         N/A       100%        7
 Dragon's Call            Summ           0%         N/A       100%        9
 Wereblood                Tmut           Unusable   N/A       N/A         2

Dungeon Overview and Level Annotations

Branches:
Dungeon (12/15) Zot: 24962  Temple (1/1) D:7 Zot: 5998    Lair (3/5) D:11 Zot: 15667
 Shoals (0/4) Lair:2        Snake (0/4) Lair:3          Orc (1/2) D:10 Zot: 5991
 Bailey (visited)         Gauntlet (visited)

Altars:
Ashenzari
Cheibriados
Dithmenos
Fedhas
Gozag
Hepliaklqana
Kikubaaqudgha
Makhleb
Nemelex Xobeh
Okawaru
Qazlal
Ru
Sif Muna
Trog
Uskayaw
Vehumet
Wu Jian
Xom
Yredelemnul
Jiyva

Shops:
D:3 (   D:4 !?(=   D:9 ?

Annotations:
D:9 1 runed translucent door
D:10 2 transporters, flestrin's ghost, journeyman MfSh


Innate Abilities, Weirdness & Mutations

You are immune to poison.
You have sharp fingernails.
Your flesh is cold resistant. (rC+)
You are immune to negative energy. (rN+++)
You do not regenerate when monsters are visible.
You are immune to unholy pain and torment.
You thrive by killing the living.


Message History

The salamander hits you but does no damage.
The salamander hits you but does no damage.
You hear a distant slurping noise.
The salamander hits you with a +3 spear!
You are engulfed in flames!
You barely miss the salamander.
The salamander is lightly wounded.
The salamander barely misses you.
You pummel the salamander!!
The salamander is heavily wounded.
You block the salamander's attack.
You hit the salamander. You punch the salamander!
The salamander is severely wounded.
You block the salamander's attack.
You hit the salamander but do no damage.
The salamander is severely wounded.
You hit the salamander. Your punch misses the salamander.
The salamander is severely wounded.
The salamander hits you with a +3 spear!
You are engulfed in flames!
You hit the salamander but do no damage.
The salamander is severely wounded.
The salamander closely misses you.
You pummel the salamander!!
The salamander is almost dead.
The salamander hits you with a +3 spear.
You are engulfed in flames!
* * * LOW HITPOINT WARNING * * *
You closely miss the salamander.
The salamander is almost dead.
You feel better.
The salamander hits you with a +3 spear.
* * * LOW HITPOINT WARNING * * *
You are engulfed in flames!
* * * LOW HITPOINT WARNING * * *
A thick mucus forms on your hands.
The salamander hits you with a +3 spear!
* * * LOW HITPOINT WARNING * * *
You are engulfed in flames!
You die...

#.##P..†.##..# . ###.####.
........##..#####.. #####..
..................#########.P#..
.................##§≈≈≈##..P....
................##§≈≈.≈≈##......
...........<....#.≈....§§#......
.....................>.≈§##P###.
#..#......##.##N#...§§.≈§######.
..#......#...##@##S§.§≈≈###..#..
...#.....##...#.####S§≈##...###.
.......#......#######....##..
.............###.. #.....##..
[.. ..##....# P.# #......#..
###.####.# ##.#..##..
#.###..###..P..##..
.##.##.#.#..##P...+#..#.
.........................


You could see a salamander.

Vanquished Creatures
  A minotaur (Gauntlet)
  Erica (D:10)
  A two-headed ogre (D:10)
  A hell hog (Gauntlet)
  The ghost of MrBloom the Magician, a novice DjCA of Ignis (D:7)
  Urug (Lair:1)
  A skyshark (Lair:3)
  Pikel (D:9)
  A necromancer (Gauntlet)
  2 orc knights (Bailey)
  3 harpies (Lair:2)
  6 elephants (Lair:2)
  2 gargoyles (D:11)
  2 cane toads
  4 black mambas
  An orange demon (D:8)
  An unseen horror (D:10)
  2 rime drakes (Lair:2)
  6 komodo dragons
  A queen bee (Gauntlet)
  A polar bear (Lair:2)
  3 trolls
  Grinder (D:3)
  3 blink frogs
  3 fire bats (Gauntlet)
  11 yaks
  A vampire (D:10)
  2 shadows (D:10)
  4 wyverns
  Grum (D:9)
  A wraith (D:11)
  4 vampire mosquitoes (D:10)
  5 steam dragons
  2 wargs (D:11)
  An acid dragon (D:9)
  A hell hound (Gauntlet)
  Duvessa (D:3)
  4 water moccasins
  9 orc warriors
  3 sky beasts
  2 black bears
  22 wolves
  A centaur (D:9)
  3 lemures
  3 kobold brigands
  4 bullfrogs
  3 scorpions
  2 gnoll sergeants
  Dowan (D:3)
  12 killer bees
  2 howler monkeys
  2 electric eels (Lair:2)
  8 orc priests
  A gnoll bouda (D:8)
  Crazy Yiuf (D:4)
  7 hounds
  Jessica (D:3)
  Ijyb (D:3)
  Terence (D:3)
  2 sleepcaps
  3 iguanas
  12 orc wizards
  Robin (D:2)
  6 adders
  19 gnolls
  A shadow imp (D:4)
  A white imp (D:7)
  An ufetubus (D:6)
  4 worms
  A dart slug (D:4)
  44 orcs
  7 bats
  An endoplasm (D:1)
  3 giant cockroaches
  18 goblins
  11 hobgoblins
  11 jackals
  2 quokkas
  8 ball pythons
  A frilled lizard (D:2)
  24 kobolds
  7 rats
365 creatures vanquished.

Vanquished Creatures (collateral kills)
  An ogre (D:7)
  A gnoll bouda (D:7)
2 creatures vanquished.

Vanquished Creatures (others)
  A two-headed ogre (D:11)
  Jeremiah (Lair:1)
  A kobold demonologist (D:12)
  A troll (D:12)
  9 slime creatures (D:12)
  A fire elemental (D:12)
  2 yaks
  An orc warrior (D:11)
  A black bear (D:7)
  2 wolves (D:9)
  An ogre (D:10)
  2 bullfrogs
  A howler monkey (D:9)
  32 jellies
  A hound (D:4)
  2 orc priests
  2 iguanas
  An orc wizard (D:11)
  6 gnolls
  2 adders
  2 white imps
  An ufetubus (D:6)
  An endoplasm (D:4)
  13 orcs
  A hobgoblin (D:4)
  2 kobolds
90 creatures vanquished.

Grand Total: 457 creatures vanquished

Notes
Turn   | Place    | Note
-------+----------+-------------------------------------------
     0 | D:1      | Arcadio the Ghoul Monk began the quest for the Orb.
     0 | D:1      | Reached XP level 1. HP: 19/19 MP: 0/0
    96 | D:1      | Reached XP level 2. HP: 21/26 MP: 1/1
   359 | D:1      | Reached skill level 1 in Armour
   478 | D:1      | Reached XP level 3. HP: 32/33 MP: 2/2
  1169 | D:1      | Reached XP level 4. HP: 9/40 MP: 3/3
  1800 | D:2      | Noticed Robin
  1837 | D:2      | Killed Robin
  1910 | D:2      | Found a faded altar of an unknown god.
  1911 | D:2      | Noticed a great orb of eyes
  1918 | D:2      | Noticed a glass eye
  1918 | D:2      | Noticed a great orb of eyes
  1918 | D:2      | Noticed a golden eye
  1923 | D:2      | Prayed at the altar of an unknown god.
  1923 | D:2      | Became a worshipper of Jiyva Joarrios the Shapeless
  1923 | D:2      | Reached * piety under Jiyva
  1923 | D:2      | Reached ** piety under Jiyva
  2083 | D:2      | Reached *** piety under Jiyva
  2446 | D:3      | Noticed Grinder
  2507 | D:3      | Reached XP level 5. HP: 47/47 MP: 4/4
  2628 | D:3      | Killed Grinder
  2629 | D:3      | Reached skill level 5 in Fighting
  2629 | D:3      | Reached skill level 5 in Unarmed Combat
  2629 | D:3      | Reached XP level 6. HP: 56/56 MP: 5/5
  2644 | D:3      | Noticed Jessica
  2658 | D:3      | Killed Jessica
  2668 | D:3      | Noticed Ijyb
  2684 | D:3      | Killed Ijyb
  2711 | D:3      | Noticed Terence
  2718 | D:3      | Killed Terence
  2842 | D:3      | Found Nekairr's Weapon Shoppe.
  2884 | D:3      | Found an ancient bone altar of Kikubaaqudgha.
  3095 | D:4      | Found Onty's Magic Scroll Emporium.
  3144 | D:4      | Reached XP level 7. HP: 62/62 MP: 6/6
  3191 | D:4      | Bought a scroll of teleportation for 42 gold pieces
  3191 | D:4      | Bought a scroll of identify for 28 gold pieces
  3265 | D:4      | Found Cimu's Antique Weapon Emporium.
  3364 | D:4      | Reached **** piety under Jiyva
  3373 | D:4      | Found Aremn's Distillery.
  3379 | D:4      | Bought a potion of might for 56 gold pieces
  3719 | D:4      | Found Vedwogud's Assorted Antiques.
  3720 | D:4      | Found Enukk's Jewellery Shop.
  3927 | D:4      | Found a runed translucent door.
  3928 | D:4      | Noticed Crazy Yiuf
  3938 | D:4      | Killed Crazy Yiuf
  4058 | D:5      | Entered Level 5 of the Dungeon
  4058 | D:5      | Noticed Duvessa
  4058 | D:5      | Noticed Dowan
  4099 | D:3      | Killed Duvessa
  4103 | D:3      | Killed Dowan
  4281 | D:5      | Reached XP level 8. HP: 71/71 MP: 7/7
  4650 | D:5      | Reached ***** piety under Jiyva
  4874 | D:6      | Found a sparkling altar of Nemelex Xobeh.
  4900 | D:6      | Found a shadowy altar of Dithmenos.
  4973 | D:6      | Reached skill level 5 in Armour
  5593 | D:7      | Found a staircase to the Ecumenical Temple.
  5627 | Temple   | Entered the Ecumenical Temple
  5690 | D:7      | Found a runed translucent door.
  5691 | D:7      | Noticed MrBloom's ghost (novice DjCA)
  5714 | D:7      | Identified the flux talisman "Gawerio" {*Corrode rF+ rN+
                  | SInv}
  5746 | D:7      | Reached XP level 9. HP: 49/81 MP: 8/8
  6433 | D:7      | Killed MrBloom's ghost
  6635 | D:8      | Reached XP level 10. HP: 91/91 MP: 9/9
  6661 | D:8      | Noticed Amaemon
  6664 | D:8      | Noticed an orange demon
  6666 | D:8      | Slimified Amaemon
  6666 | D:8      | Amaemon changed into Amaemon the jelly
  6666 | D:8      | Noticed Amaemon
  6675 | D:8      | Killed an orange demon
  7039 | D:8      | Found a flagged portal.
  7048 | Bailey   | Entered a bailey
  7054 | Bailey   | Noticed an orc warlord
  7143 | Bailey   | Noticed an orc knight
  7172 | Bailey   | Killed an orc knight
  7173 | Bailey   | Reached skill level 10 in Fighting
  7215 | Bailey   | Found a runed translucent gate.
  7217 | Bailey   | Found a runed translucent gate.
  7219 | Bailey   | Found a runed translucent gate.
  7227 | Bailey   | Noticed an orc knight
  7261 | Bailey   | Killed an orc knight
  7262 | Bailey   | Reached skill level 10 in Unarmed Combat
  7356 | Bailey   | Slimified an orc warlord
  7356 | Bailey   | an orc warlord changed into an azure jelly
  7356 | Bailey   | Noticed an azure jelly
  7364 | Bailey   | Identified the +5 shortbow of Pochado {heavy, rPois}
  7388 | D:8      | Acquired 877 gold pieces
  7473 | D:9      | Noticed a two-headed ogre
  7474 | D:9      | Noticed a skeletal warrior
  7490 | D:9      | Found a runed translucent door.
  7491 | D:9      | Noticed a two-headed ogre
  7657 | D:9      | Found a stormy altar of Qazlal.
  7657 | D:9      | Found a shimmering altar of Xom.
  7668 | D:9      | Found Otaeffal's Magic Scroll Boutique.
  7676 | D:9      | Bought a scroll of blinking for 82 gold pieces
  7676 | D:9      | Bought a scroll of identify for 22 gold pieces
  7676 | D:9      | Bought a scroll of revelation for 82 gold pieces
  7676 | D:9      | Bought a scroll of blinking for 82 gold pieces
  7676 | D:9      | Bought a scroll of fear for 44 gold pieces
  7676 | D:9      | Bought a scroll of identify for 22 gold pieces
  7676 | D:9      | Bought a scroll of identify for 22 gold pieces
  7752 | D:9      | Noticed Pikel
  7790 | D:9      | Killed Pikel
  7966 | D:9      | Found a hazy altar of Hepliaklqana.
  8012 | D:9      | Noticed Grum
  8030 | D:9      | Killed Grum
  8290 | D:9      | You fall into a shaft and drop 3 floors!
  8315 | D:12     | Killed a kobold demonologist
  8348 | D:10     | Entered Level 10 of the Dungeon
  8499 | D:10     | Noticed flestrin's ghost (journeyman MfSh)
  8499 | D:10     | Found a transporter.
  8508 | D:10     | Noticed a moth of wrath
  8509 | D:10     | Reached XP level 11. HP: 83/102 MP: 10/10
  8552 | D:10     | Identified the +1 leather armour "Fuhop" {Dex+2}
  8655 | D:10     | Noticed a two-headed ogre
  8706 | D:10     | Killed a two-headed ogre
  8759 | D:10     | Found a staircase to the Orcish Mines.
  9103 | D:10     | Noticed Erica
  9138 | D:10     | Killed Erica
  9219 | D:10     | Found a transporter.
  9517 | D:15     | Identified the "Ryorijef"
  9517 | Orc:1    | Entered Level 1 of the Orcish Mines
  9517 | Orc:1    | Noticed an orc knight
  9532 | Orc:1    | Noticed an ettin
  9679 | D:11     | Reached ****** piety under Jiyva
 10110 | D:11     | Noticed a two-headed ogre
 10113 | D:11     | Noticed a two-headed ogre
 10115 | D:11     | Slimified a two-headed ogre
 10115 | D:11     | a two-headed ogre changed into an azure jelly
 10115 | D:11     | Noticed an azure jelly
 10125 | D:11     | Killed a two-headed ogre
 10419 | D:11     | Found a staircase to the Lair.
 10442 | Lair:1   | Entered Level 1 of the Lair of Beasts
 10661 | Lair:1   | Reached XP level 12. HP: 113/113 MP: 11/11
 10738 | Lair:1   | Identified the +2 falchion "Kuzaut" {elec, rN+ Int+4}
 10760 | Lair:1   | Noticed Urug
 10781 | Lair:1   | Killed Urug
 10782 | Lair:1   | Reached skill level 10 in Armour
 11131 | Lair:1   | Noticed Jeremiah
 11151 | Lair:1   | Killed Jeremiah
 11395 | Lair:2   | Reached skill level 5 in Dodging
 11512 | Lair:2   | Found a gate leading to a gauntlet.
 11521 | Gauntlet | Entered a Gauntlet
 11521 | Gauntlet | Found a transporter.
 11521 | Gauntlet | Found a transporter.
 11531 | Gauntlet | Found a transporter.
 11535 | Gauntlet | Found a transporter.
 11540 | Gauntlet | Found a runed translucent gate.
 11540 | Gauntlet | Found a runed translucent gate.
 11540 | Gauntlet | Found a runed translucent gate.
 11542 | Gauntlet | Found a transporter.
 11545 | Gauntlet | Found a transporter.
 11548 | Gauntlet | Noticed a hell hog
 11554 | Gauntlet | Found a transporter.
 11571 | Gauntlet | Found a transporter.
 11575 | Gauntlet | Found a transporter.
 11578 | Gauntlet | Found a transporter.
 11588 | Gauntlet | Found a transporter.
 11743 | Gauntlet | Killed a hell hog
 11781 | Gauntlet | Noticed a minotaur
 11797 | Gauntlet | Killed a minotaur
 11842 | Gauntlet | Identified the +0 scale mail of Orruonn {Str+3 Dex+3 SInv}
 12082 | Lair:2   | Reached XP level 13. HP: 75/122 MP: 12/12
 12130 | Lair:2   | Found a staircase to the Shoals.
 13239 | Lair:3   | Found a staircase to the Snake Pit.
 13265 | Lair:3   | HP: 3/123 [salamander/+3 spear (13)]
 13265 | Lair:3   | Slain by a salamander

Illustrated notes

Levels and vault maps discovered:
D:1:      matt_arrival_grand_opening, layout_basic
D:2:      layout_loops_corners, hellmonk_ecumenical_altar_watching_god,
          uniq_robin
D:3:      layout_loops_cross, nicolae_kikubaaqudgha_miasma_corner, serial_shops,
          shop, uniq_ijyb, uniq_terence, uniq_grinder, uniq_jessica
D:4:      wad_crossroads, layout_basic, serial_shops, shop, shop,
          nicolae_shop_tiny_glass, grunt_decor_one_mirror,
          nicolae_wooded_promenade, uniq_crazy_yiuf_cottage
D:5:      layout_gridville, nicolae_the_louvre, uniq_duvessa
D:6:      layout_basic, mainiacjoe_overflow_catwalk_spiral
D:7:      black_bear_nest_2, layout_loops_ring, minmay_temple_entry_wispy,
          hellmonk_ghost_happy_afterlife, minmay_fractal_squares_gapless_5
D:8:      layout_basic, enter_bailey_2, uniq_amaemon
D:9:      layout_gridville, gammafunk_temple_overflow_statue,
          mainiacjoe_overflow_six_doors_small, serial_shops,
          nicolae_diamond_shop, minmay_st_funbox, uniq_pikel, uniq_grum
D:10:     layout_loops_ring, erik_orc_4, gammafunk_ghost_berserking_beasts,
          grunt_ministairs_11, amcnicky_mini_pool_small, grunt_decor_cap,
          uniq_erica
D:11:     layout_cave_pools, erik_lair_orcish_takeover
D:12:     layout_roguey [special_room_bee], st_stairs_9, uniq_azrael, uniq_kirke
Temple:   nicolae_temple_bog_church
Lair:1:   beast_lair_carwin_large_2, layout_regular_city, uniq_urug,
          uniq_jeremiah
Lair:2:   layout_cave_pods, nicolae_shoals_entry_roost, gauntlet_entry_generic,
          basic_altar, grunt_megastairs_3, serial_bayou_shore_a
Lair:3:   layout_regular_city, nicolae_snake_entry_warm_welcome
Orc:1:    layout_caves, basic_altar

Skill      XL: |  1  2  3  4  5  6  7  8  9 10 11 12 13 |
---------------+----------------------------------------+-----
Armour         | 1 2 3 4 5 7 8 9 10 11 | 11.2
Fighting       | 4 5 6 7 9 11 12 13 | 13.8
Unarmed Combat | 4 5 6 7 9 10 12 13 | 13.7
Dodging        | 4 6 |  6.8

Action                     |  1- 3 |  4- 6 |  7- 9 | 10-12 | 13-15 || total
---------------------------+-------+-------+-------+-------+-------++-------
  Melee: Unarmed           |   100 |   164 |   454 |   926 |   124 ||  1768
         Punch             |     1 |     5 |    11 |    76 |    12 ||   105
 Invoke: Oozemancy         |       |     2 |       |     3 |     1 ||     6
         Slimify           |       |       |     1 |     3 |     2 ||     6
  Evoke: Wand              |       |       |       |     4 |       ||     4
    Use: Scroll            |       |       |     4 |     8 |     4 ||    16
         Potion            |       |       |     3 |     1 |     1 ||     5
 Armour: Robe              |    21 |       |       |       |       ||    21
         Scale mail        |    28 |       |       |       |       ||    28
         Chain mail        |    25 |   129 |   151 |       |       ||   305
         Plate armour      |       |       |   299 |  1110 |   159 ||  1568
  Dodge: Dodged            |    52 |    63 |   165 |   371 |    52 ||   703
  Block: Other             |       |       |       |    28 |    34 ||    62

Table legend: (Time is in decaauts)
 A = Elapsed time spent in this place.
 B = Non-inter-level travel time spent in this place.
 C = Inter-level travel time spent in this place.
 D = Time resting spent in this place.
 E = Time spent auto-exploring this place.
 F = Levels seen in this place.
 G = Mean time per level.
                   A        B        C        D        E       F      G
               +--------+--------+--------+--------+--------+-----+--------+
         Total |  12993 |  12577 |    416 |    438 |   8365 |  19 |  683.8 |
       Dungeon |   9941 |   9585 |    356 |    399 |   6610 |  12 |  828.4 |
        Temple |      1 |      1 |      0 |      0 |      0 |   1 |    1.0 |
          Lair |   2332 |   2273 |     59 |     12 |   1592 |   3 |  777.3 |
  Orcish Mines |      8 |      8 |      0 |      0 |      0 |   1 |    8.0 |
        Bailey |    325 |    325 |      0 |     27 |      8 |   1 |  325.0 |
      Gauntlet |    383 |    383 |      0 |      0 |    155 |   1 |  383.0 |
               +--------+--------+--------+--------+--------+-----+--------+

Top non-repeatable levels by time:
    D:10: 1268 daAuts
     D:1: 1244 daAuts
  Lair:2: 1181 daAuts
     D:2: 1100 daAuts
     D:4: 1001 daAuts
     D:9: 902 daAuts
  Lair:1: 889 daAuts
     D:7: 882 daAuts
     D:3: 818 daAuts
     D:6: 691 daAuts
     D:8: 673 daAuts
     D:5: 672 daAuts
    D:11: 634 daAuts
Gauntlet: 383 daAuts
  Bailey: 325 daAuts
